 Dungeon Sprint DCSS version 0.21-a0-405-gf2af9a1 (webtiles) character file.

5170 Kidiri the Unseen (level 10, -19/53 HPs)
             Began as a Spriggan Enchanter on Nov 1, 2017.
             Was the Champion of Dithmenos.
             Demolished by Urug
             ... wielding a +2 demon trident
              (24 damage)
             ... in the Dungeon (Sprint VII: "The Pits").
             The game lasted 00:08:39 (1478 turns).

Kidiri the Unseen (Spriggan Enchanter)              Turns: 1478, Time: 00:08:39

Health: -19/53     AC:  7    Str:  7    XL:     10   Next: 34%
Magic:  14/27      EV: 31    Int: 19    God:    Dithmenos [******]
Gold:   0          SH:  0    Dex: 18    Spells: 21/33 levels left

rFire    . . .     SeeInvis +   v - +2 rapier (drain)
rCold    . . .     Gourm    .   (shield restricted)
rNeg     . . .     Faith    .   b - +0 robe
rPois    .         Spirit   .   (helmet restricted)
rElec    .         Reflect  .   (no cloak)
rCorr    .         Harm     .   (gloves unavailable)
MR       +....     NoTele   +   (boots unavailable)
Stlth    ++++++++++             (no amulet)
HPRegen  0.17/turn              r - +3 ring of strength
MPRegen  0.20/turn              w - +3 ring of protection

@: wreathed by umbra, very quick
A: unfitting armour, claws 1, molten scales 1, see invisible, herbivore 3, speed
3, sense surroundings 1, slow metabolism 2
a: Shadow Step, Shadow Form, Renounce Religion


You were in the Dungeon.
You worshipped Dithmenos.
Dithmenos was exalted by your worship.
You were not hungry.

You visited 1 branch

Inventory:

Hand Weapons
 v - a +2 rapier of draining (weapon)
Armour
 b - a +0 robe (worn)
Jewellery
 r - a +3 ring of strength (left claw)
 w - a +3 ring of protection (right claw)
Scrolls
 j - a scroll of blinking
 l - 3 scrolls of remove curse
 m - 5 scrolls of amnesia
 n - a scroll of summoning
Potions
 a - a potion of ambrosia {unknown}
 e - 7 potions of curing
 f - 6 potions of heal wounds
 g - a potion of haste
 h - 3 potions of magic
 i - 3 potions of berserk rage
 k - 2 potions of invisibility
 s - a potion of might
 t - a potion of resistance
 u - a potion of agility
Books
 c - a book of Maledictions

   Spells                             Type                      Level
   a - Corona                         Hexes                        1
   b - Ensorcelled Hibernation        Hexes/Ice                    2
   c - Confuse                        Hexes                        3
   d - Tukima's Dance                 Hexes                        3
   e - Dazzling Spray                 Conjuration/Hexes            3
Comestibles
 d - 8 bread rations
 o - 40 fruits


   Skills:
 + Level 6.1 Fighting
 * Level 11.3 Short Blades
 + Level 5.6 Armour
 * Level 14.2 Dodging
 * Level 15.6 Stealth
 * Level 12.4 Spellcasting
 + Level 9.6 Hexes
 - Level 5.4 Invocations


You had 21 spell levels left.
You knew the following spells:

 Your Spells              Type           Power        Failure   Level  Hunger
a - Corona                Hex            #####..      1%          1    None
b - Ensorcelled Hibernat  Hex/Ice        ####..       1%          2    None
c - Confuse               Hex            #####...     1%          3    None
d - Tukima's Dance        Hex            #####...     1%          3    None
e - Dazzling Spray        Conj/Hex       ####..       2%          3    None


Dungeon Overview and Level Annotations

Branches:
Dungeon (1/1)

Altars:
Ashenzari
Cheibriados
Dithmenos
Elyvilon
Fedhas
Gozag
Hepliaklqana
Kikubaaqudgha
Makhleb
Nemelex Xobeh
Okawaru
Qazlal
Ru
Sif Muna
Trog
Uskayaw
Vehumet
Wu Jian
Xom
Yredelemnul
Zin
The Shining One
Beogh
Jiyva
Lugonu

Annotations:
D exclusions: 4 doors and 4 more exclusions, Urug


Innate Abilities, Weirdness & Mutations

You are very small and have problems with some larger weapons.
You are too small for most types of armour.
You have supernaturally acute eyesight. (SInv)
You are a herbivore.
You cover ground extremely quickly.
You need consume almost no food.
You have sharp fingernails.
You are partially covered in molten scales. (AC +2)
You passively map a small area around you.


Message History

The smoke demon is dazzled.
The spray of energy hits the harpy.
The harpy is lightly wounded.
The harpy is dazzled.
The spray of energy hits the harpy.
The harpy is moderately wounded.
The harpy is dazzled.
The harpy completely misses you. The harpy claws you!
You emit a cloud of dark smoke.
The harpy closely misses you. The harpy completely misses you.
The harpy closely misses you. The harpy claws you.
Urug hits you from afar with an enchanted demon trident!
* * * LOW HITPOINT WARNING * * *
You emit a cloud of dark smoke.
The smoke demon completely misses you. The smoke demon hits you.
* * * LOW HITPOINT WARNING * * *
The smoke demon misses you.
Unknown command.
You barely miss the harpy.
The harpy is lightly wounded.
The harpy completely misses you. The harpy misses you.
Urug hits you from afar with an enchanted demon trident!!
You die...

#.......##.)'.)## ,
#.......##.##..#,
############...+ ,
, ,
###########....#, *
...#..[[##..#..##
,**
...#..[[##.###..##
+
...+..))####.##3§#
* ...#..))#
#...o§§+ *
.).#..))##....#H@#*
############# ####


You could see Urug, a harpy (blind) and a smoke demon (blind).

Vanquished Creatures
  Sonja (D)
  A shadow wraith (D)
  A deep troll (D)
  2 harpies (D)
  2 deep elf magi (D)
  A red devil (D)
  A guardian mummy (D)
  A merfolk (D)
  A snapping turtle (D)
  A fire bat (D)
  3 floating eyes (D)
  Purgy (D)
  3 wolves (D)
  A necrophage (D)
  A small abomination (D)
  A gnoll shaman (D)
  6 gnolls (D)
  A river rat (D)
  An ooze (D)
  An adder zombie (D)
  A leopard gecko (D)
  An orc (D)
  A ball python (D)
  A quokka (D)
  A ball python skeleton (D)
  A bat (D)
  A frilled lizard (D)
  2 goblins (D)
  A jackal zombie (D)
41 creatures vanquished.

Notes
Turn   | Place    | Note
-------+----------+-------------------------------------------
     0 | D        | Kidiri the Spriggan Enchanter began the quest for the Orb.
     0 | D        | Reached XP level 1. HP: 9/9 MP: 5/5
    73 | D        | Found a bloodstained altar of Trog.
    73 | D        | Found a deep blue altar of Sif Muna.
    73 | D        | Found a viscous altar of Jiyva.
    73 | D        | Found a hazy altar of Hepliaklqana.
    73 | D        | Found an opulent altar of Gozag.
    74 | D        | Found a glowing golden altar of the Shining One.
    74 | D        | Found a glowing silver altar of Zin.
    74 | D        | Found a basalt altar of Yredelemnul.
    74 | D        | Found a shimmering altar of Xom.
    74 | D        | Found an ornate altar of the Wu Jian Council.
    74 | D        | Found a sacrificial altar of Ru.
    74 | D        | Found a stormy altar of Qazlal.
    74 | D        | Found an iron altar of Okawaru.
    74 | D        | Found a sparkling altar of Nemelex Xobeh.
    74 | D        | Found a burning altar of Makhleb.
    74 | D        | Found a blossoming altar of Fedhas.
    74 | D        | Found a white marble altar of Elyvilon.
    74 | D        | Found a shadowy altar of Dithmenos.
    74 | D        | Found a snail-covered altar of Cheibriados.
    76 | D        | Found a radiant altar of Vehumet.
    76 | D        | Found a corrupted altar of Lugonu.
    76 | D        | Found a roughly hewn altar of Beogh.
    77 | D        | Found a hide-covered altar of Uskayaw.
    77 | D        | Found an ancient bone altar of Kikubaaqudgha.
    77 | D        | Found a shattered altar of Ashenzari.
    86 | D        | Became a worshipper of Dithmenos the Shadowed
   199 | D        | Noticed a floating eye
   202 | D        | Killed a floating eye
   202 | D        | Reached skill level 1 in Fighting
   202 | D        | Reached skill level 1 in Armour
   202 | D        | Reached skill level 5 in Dodging
   202 | D        | Reached skill level 7 in Stealth
   202 | D        | Reached skill level 5 in Spellcasting
   202 | D        | Reached XP level 2. HP: 15/15 MP: 6/9
   202 | D        | Reached XP level 3. HP: 18/18 MP: 6/10
   202 | D        | Reached XP level 4. HP: 23/23 MP: 7/12
   207 | D        | Learned a level 2 spell: Ensorcelled Hibernation
   211 | D        | Learned a level 3 spell: Confuse
   215 | D        | Learned a level 3 spell: Tukima's Dance
   219 | D        | Learned a level 3 spell: Dazzling Spray
   252 | D        | Reached * piety under Dithmenos
   319 | D        | Reached ** piety under Dithmenos
   395 | D        | Noticed a necrophage
   396 | D        | Noticed a floating eye
   396 | D        | Noticed Purgy
   398 | D        | Paralysed by a floating eye for 2 turns
   400 | D        | Killed a necrophage
   400 | D        | Reached skill level 5 in Short Blades
   400 | D        | Reached skill level 8 in Stealth
   400 | D        | Reached skill level 5 in Hexes
   400 | D        | Reached XP level 5. HP: 27/27 MP: 8/14
   406 | D        | Killed a floating eye
   406 | D        | Reached skill level 9 in Stealth
   406 | D        | Reached XP level 6. HP: 32/32 MP: 2/16
   539 | D        | Killed Purgy
   549 | D        | Reached *** piety under Dithmenos
   605 | D        | Reached skill level 10 in Stealth
   647 | D        | Reached **** piety under Dithmenos
   850 | D        | Noticed a snapping turtle
   852 | D        | Killed a snapping turtle
   852 | D        | Reached XP level 7. HP: 37/37 MP: 17/19
   865 | D        | Noticed a fire bat
   865 | D        | Noticed a deep elf mage
   867 | D        | Killed a deep elf mage
   867 | D        | Reached skill level 10 in Dodging
   867 | D        | Reached skill level 11 in Stealth
   867 | D        | Reached XP level 8. HP: 42/42 MP: 20/22
   869 | D        | Reached ***** piety under Dithmenos
   871 | D        | Reached skill level 12 in Stealth
   882 | D        | Noticed a guardian mummy
   882 | D        | Noticed Sonja
   884 | D        | Killed Sonja
   884 | D        | Reached skill level 10 in Spellcasting
   884 | D        | Reached skill level 5 in Invocations
   887 | D        | Killed a guardian mummy
   887 | D        | Reached skill level 13 in Stealth
   887 | D        | Reached XP level 9. HP: 45/45 MP: 14/24
   944 | D        | Gained mutation: You are agile. (Dex +2) [potion of mutation]
   944 | D        | Gained mutation: You possess an exceptional clarity of mind. [potion of mutation]
   952 | D        | Lost mutation: You possess an exceptional clarity of mind. [potion of mutation]
   952 | D        | Lost mutation: You are agile. (Dex +2) [potion of mutation]
   952 | D        | Gained mutation: Armour fits poorly on your strangely shaped body. [potion of mutation]
   952 | D        | Gained mutation: You possess an exceptional clarity of mind. [potion of mutation]
   953 | D        | Lost mutation: You possess an exceptional clarity of mind. [potion of mutation]
   953 | D        | Lost mutation: Armour fits poorly on your strangely shaped body. [potion of mutation]
   953 | D        | Gained mutation: You are partially covered in molten scales. (AC +2) [potion of mutation]
   953 | D        | Gained mutation: You have sharp fingernails. [potion of mutation]
   953 | D        | Gained mutation: You passively map a small area around you. [potion of mutation]
  1026 | D        | Noticed a deep elf mage
  1027 | D        | Noticed a shadow wraith
  1028 | D        | Noticed a red devil
  1030 | D        | Killed a red devil
  1030 | D        | Reached skill level 5 in Fighting
  1032 | D        | Killed a deep elf mage
  1032 | D        | Reached skill level 10 in Short Blades
  1032 | D        | Reached skill level 14 in Stealth
  1047 | D        | Killed a shadow wraith
  1047 | D        | Reached skill level 5 in Armour
  1214 | D        | Noticed a deep troll
  1215 | D        | Noticed a merfolk
  1216 | D        | Killed a deep troll
  1218 | D        | Reached XP level 10. HP: 53/53 MP: 19/26
  1241 | D        | Reached skill level 15 in Stealth
  1464 | D        | Noticed Urug
  1464 | D        | Noticed a smoke demon
  1464 | D        | Noticed a harpy
  1464 | D        | Noticed a harpy
  1464 | D        | Noticed a harpy
  1464 | D        | Noticed a harpy
  1468 | D        | Killed a harpy
  1470 | D        | Killed a harpy
  1470 | D        | Reached ****** piety under Dithmenos
  1478 | D        | Demolished by Urug

Vault maps used:
D:        pitsprint

Skill      XL: |  1  2  3  4  5  6  7  8  9 10 |
---------------+-------------------------------+-----
Spellcasting   | 5 6 8 9 10 11 12 | 12.4
Fighting       | 1 2 3 4 5 6 |  6.1
Short Blades   | 4 5 7 8 9 10 11 | 11.3
Armour         | 1 2 3 4 5 |  5.6
Dodging        | 5 7 9 10 11 13 14 | 14.2
Stealth        | 7 8 9 10 11 13 14 15 | 15.6
Hexes          | 4 5 6 7 8 9 |  9.6
Invocations    | 2 3 4 5 |  5.4

Action                   |  1- 3 |  4- 6 |  7- 9 | 10-12 || total
-------------------------+-------+-------+-------+-------++-------
Melee: Dagger            |    15 |    47 |     7 |       ||    69
       Rapier            |       |       |     6 |    34 ||    40
 Cast: Corona            |     1 |     2 |       |       ||     3
       Ensorcelled Hiber |       |    13 |     1 |     5 ||    19
       Confuse           |       |     3 |     1 |       ||     4
       Dazzling Spray    |       |     3 |     9 |     9 ||    21
Invok: Shadow Step       |       |     3 |     5 |       ||     8
  Use: Potion            |       |       |     5 |     1 ||     6
 Stab: Sleeping          |     1 |    11 |    11 |     1 ||    24
       Confused          |       |     1 |       |       ||     1
       Invisible         |       |     1 |       |     1 ||     2
Armor: Robe              |     2 |       |       |     3 ||     5
Dodge: Dodged            |    10 |    36 |    18 |   119 ||   183

Table legend:
 A = Spawn XP
 B = Non-spawn XP
 C = Spawn XP percentage of total XP
 D = Spawn monster count
 E = Non-spawn monster count
 F = Spawn count percentage of total count
 G = Total turns spent on level
                    A         B        C        D         E        F      G
               +---------+---------+-------+---------+---------+-------+---------
         Total |       0 |    7386 |   0.0 |       0 |      41 |   0.0 |  1478
               +---------+---------+-------+---------+---------+-------+---------
             D |       0 |    7386 |   0.0 |       0 |      41 |   0.0 |  1478
               +---------+---------+-------+---------+---------+-------+---------
